 Dungeon Crawl Stone Soup version 0.23.0 (webtiles) character file.

Game seed: 10225131492062013285

202954 ohad the Fencer (level 17, -13/133 HPs)
             Began as a Demonspawn Berserker on Feb 11, 2019.
             Was the Champion of Trog.
             Killed by the raging water
             ... invoked by a water nymph
              (18 damage)
             ... on level 2 of the Shoals.
             The game lasted 02:35:21 (40922 turns).

ohad the Fencer (Demonspawn Berserker)             Turns: 40922, Time: 02:35:22

Health: -13/133    AC: 21    Str: 25    XL:     17   Next: 96%
Magic:  17/17      EV: 18    Int: 19    God:    Trog [******]
Gold:   614        SH: 15    Dex: 19    Spells: 16/16 levels left

rFire    + + +     SeeInvis +   W - +9 double sword (vamp)
rCold    + + .     Gourm    .   V - +0 shield
rNeg     . . .     Faith    .   B - +0 storm dragon scales
rPois    +         Spirit   .   (helmet unavailable)
rElec    +         Reflect  .   A - +1 cloak of the Comet {rF+ Str+4 Dex+2}
rCorr    .         Harm     .   K - +0 pair of gloves
MR       +....                  I - +0 pair of boots
Stlth    +.........             z - amulet "Liturph" {Regen+ Int+4}
HPRegen  0.72/turn              g - ring "Xuhuyra" {rPois rF++ rC+ Int+6}
MPRegen  0.15/turn              q - +3 ring of strength

@: about to teleport, studying Long Blades, very slow
A: antennae 3, cold resistance 1, demonic guardian 3, low mp 1, weak 1, freezing
cloud immunity, sturdy frame 1
}: 1/15 runes: serpentine
a: Berserk, Trog's Hand, Brothers in Arms, Renounce Religion


You were on level 2 of the Shoals.
You worshipped Trog.
Trog was exalted by your worship.
You were not hungry.

You visited 5 branches of the dungeon, and saw 29 of its levels.
You visited the Abyss 1 time.
You also visited: Ossuary and Ice Cave.

You collected 3058 gold pieces.
You spent 2444 gold pieces at shops.

Inventory:

Hand Weapons
 a - a +0 demon blade of venom
 f - a +1 demon blade of freezing
 h - a +1 antimagic great sword
 H - a +2 long sword of distortion
 L - the +8 long sword "Humaenar" {flame, +Fly rElec rN++ Int-3}
   (Trog gifted it to you in an ice cave)

   It has been specially enchanted to burn those struck by it, causing extra
   injury to most foes and up to half again as much damage against particularly
   susceptible opponents.
   Big, fiery blades are also staple armaments of hydra-hunters.
   It affects your intelligence (-3).
   It insulates you from electricity.
   It greatly protects you from negative energy.
   It lets you fly.
 W - a +9 vampiric double sword (weapon)
Armour
 b - a +1 large shield of cold resistance
 A - the +1 cloak of the Comet (worn) {rF+ Str+4 Dex+2}
   (You found it on level 3 of the Lair of Beasts)

   It affects your strength (+4).
   It affects your dexterity (+2).
   It protects you from fire.
 B - +0 storm dragon scales (worn)
 E - +0 ice dragon scales
 G - the +1 chain mail "Lenafoud" {MR+ Stlth+}
   (You found it on level 6 of the Dungeon)

   It affects your resistance to hostile enchantments.
   It makes you more stealthy.
 I - a +0 pair of boots (worn)
 K - a +0 pair of gloves (worn)
 N - a +2 plate armour of fire resistance
 V - a +0 shield (worn)
 X - a scarf of spirit shield
 Z - a +2 cloak of cold resistance
Jewellery
 g - the ring "Xuhuyra" (left hand) {rPois rF++ rC+ Int+6}
   (You bought it in a shop on level 2 of the Orcish Mines)

   [ring of intelligence]

   It affects your intelligence (+6).
   It greatly protects you from fire.
   It protects you from cold.
   It protects you from poison.
 i - an uncursed ring of ice
 k - an uncursed ring of fire
 l - an uncursed ring of flight
 q - a +3 ring of strength (right hand)
 v - the ring of Canizid {rN+ Stlth+}
   (You found it on level 13 of the Dungeon)

   [ring of positive energy]

   It protects you from negative energy.
   It makes you more stealthy.
 z - the amulet "Liturph" (around neck) {Regen+ Int+4}
   (You bought it in a shop on level 2 of the Orcish Mines)

   [amulet of regeneration]

   It affects your intelligence (+4).
   It increases your rate of regeneration.
 J - an uncursed ring of poison resistance
 Q - the amulet of Daffodils {Acrobat rC+}
   (You found it on level 3 of the Abyss)

   [amulet of the acrobat]

   It helps you evade while moving and waiting.
   It protects you from cold.
 R - an uncursed ring of resist corrosion
 T - a +3 ring of protection {unknown}
Wands
 u - a wand of disintegration (16)
 M - a wand of clouds (5)
 S - a wand of digging (15)
Scrolls
 d - 7 scrolls of fog
 j - 3 scrolls of teleportation
 o - 6 scrolls of enchant armour
 p - 12 scrolls of remove curse
 r - a scroll of enchant weapon
 t - 2 scrolls of magic mapping
 F - a scroll of blinking
 O - 5 scrolls of identify
 P - 3 scrolls of silence
 Y - 3 scrolls of immolation
Potions
 e - 6 potions of flight
 m - 5 potions of might
 n - 16 potions of curing
 w - 3 potions of berserk rage
 C - 2 potions of resistance
 D - a potion of heal wounds
Books
 x - a manual of Long Blades
Miscellaneous
 s - a fan of gales
Comestibles
 c - 32 rations
 U - 9 chunks of flesh


   Skills:
 - Level 12.0 Fighting
 - Level 16.0 Long Blades
 - Level 12.1 Armour
 + Level 12.3 Dodging
 - Level 9.0 Stealth
 - Level 15.0 Shields
 - Level 3.2 Evocations


You had 16 spell levels left.
You didn't know any spells.
Your spell library was empty.

Dungeon Overview and Level Annotations

Branches:
Dungeon (15/15)            Temple (0/1) D:5            Lair (6/6) D:11
 Shoals (2/4) Lair:3        Snake (4/4) Lair:2        Slime (0/5) Lair:6
    Orc (2/2) D:10            Elf (0/3) Orc:2        Vaults (0/5) D:13
 Depths (0/5) D:15

Altars:
Ashenzari
Dithmenos
Elyvilon
Fedhas
Gozag
Hepliaklqana
Makhleb
Nemelex Xobeh
Qazlal
Sif Muna
Trog
Vehumet
Xom
Zin

Shops:
D:4 [   D:10 [   D:11 *   D:13 *   D:15 [   Orc:2 %(=(=   Snake:1 [=?
Snake:2 (

Portals:
Hell: Lair:6

Annotations:
D:13 3 runed translucent doors, exclusion: obsidian statue, night's ghost, journeyman DsMo
D:14 2 transporters, Kapsuk's ghost, journeyman DECj


Innate Abilities, Weirdness & Mutations

You have a pair of large antennae on your head. (SInv)
Your flesh is cold resistant. (rC+)
A powerful demonic guardian rushes to your aid.
You are immune to freezing clouds.
Your movements are slightly less encumbered by armour. (ER -2)
Your magical capacity is low. (-10% MP)
You are weak. (Str -2)


Message History

The water nymph flows with the water.
You see here a stone.
Unknown command.
The water nymph flows with the water.
The faun shoots a stone.
You block the stone.
You see here a stone.
Okay, then.
Unknown command.
As you read the scroll of teleportation, it crumbles to dust.
You feel strangely unstable.
Unknown command.
You enter the shallow water.
Moving in this stuff is going to be slow.
The water nymph touches you.
* * * LOW HITPOINT WARNING * * *
The water nymph drowns you!
* * * LOW HITPOINT WARNING * * *
The water nymph casts a spell at you. The water swirls and strikes you!
You die...

≈≈≈≈≈≈≈≈≈)≈≈≈.≈≈≈≈≈≈≈
≈≈≈≈≈≈≈≈≈≈≈≈≈≈≈≈≈≈≈≈≈≈≈
≈≈≈≈≈≈≈≈≈≈≈≈≈≈≈≈≈≈≈≈≈≈≈≈
≈≈≈≈≈≈≈≈≈≈≈≈≈≈≈≈≈≈≈≈≈≈≈≈
≈≈≈≈≈≈≈≈≈≈≈(≈≈≈≈≈≈≈≈≈≈≈≈
≈≈≈≈≈≈≈≈≈≈..(≈≈≈≈≈.....≈
≈≈≈≈≈≈≈≈≈.(.###≈≈≈...#
≈≈≈≈≈≈≈≈≈..####.....#..
≈≈≈≈≈≈≈≈(...##≈≈@.###
≈≈≈≈≈)((..(..≈(m≈.#
≈≈≈≈≈....##.≈.(c≈.##
≈≈≈≈(...###.≈≈(≈≈..##.
≈≈≈).)### #.≈≈.†≈≈.....
≈≈≈≈..# #...≈≈≈≈≈≈≈≈≈≈.
≈≈≈≈..#....≈..≈≈..≈≈≈≈.
≈≈≈...........≈≈...≈≈.#
≈≈≈.....###..≈≈≈≈≈≈...#


You could see a faun and a water nymph.

Vanquished Creatures
  A bone dragon (D:14)
  Gastronok (Lair:1)
  7 nagarajas
  An orc warlord (D:10)
  A frost giant (IceCv)
  Louise (D:14)
  An entropy weaver (Abyss:4)
  A white draconian (Abyss:4)
  2 lorocyprocas (Abyss:3)
  A green death (Abyss:4)
  2 ettins
  A fire dragon (D:13)
  A merfolk javelineer (Shoals:1)
  Erolcha (D:10)
  An ogre mage (D:15)
  11 naga warriors
  Harold (Lair:1)
  An ice dragon (D:13)
  9 anacondas
  A merfolk avatar (Shoals:1)
  2 hydras
  2 centaur warriors (D:15)
  9 two-headed ogres
  6 death yaks
  3 orc high priests (Orc:2)
  13 naga sharpshooters
  3 thrashing horrors (Abyss:4)
  7 shock serpents
  6 skeletal warriors
  3 salamander mystics
  3 wretched stars
  A deep troll (D:13)
  An unseen horror (D:15)
  7 naga ritualists
  A sixfirhy (Lair:6)
  A wizard (Lair:6)
  A shadow demon (Abyss:3)
  3 starcursed masses (Abyss:4)
  Pikel (D:8)
  2 phantasmal warriors (D:13)
  4 orc knights
  10 ugly things
  3 deep elf magi
  2 harpies (Shoals:1)
  7 mana vipers
  6 orc sorcerers
  3 fauns
  8 cyclopes
  3 manticores
  7 salamanders
  A moth of wrath (shapeshifter) (Abyss:3)
  28 black mambas
  A merfolk siren (Shoals:1)
  7 guardian serpents
  An orange demon (Lair:6)
  2 water nymphs
  12 naga magi
  An ice statue (IceCv)
  2 smoke demons
  2 centaur skeletons
  A gargoyle (D:11)
  5 elephants
  A dire elephant skeleton (Abyss:3)
  9 spiny frogs
  An efreet (D:15)
  4 rime drakes (Lair:6)
  4 komodo dragons
  A yaktaur (D:13)
  A freezing wraith (D:14)
  A kobold demonologist (D:13)
  A red devil (Lair:6)
  2 tengu conjurers (D:15)
  4 wind drakes (Shoals:1)
  4 trolls
  13 polar bears
  8 merfolk
  The ghost of Monsterracer the Firebug, an amateur DrFE of Sif Muna (D:4)
  4 raiju
  A bog body (Abyss:3)
  A dream sheep (Shoals:1)
  6 slime creatures
  2 blink frogs
  A meliai zombie (D:15)
  4 snapping turtles
  7 hippogriffs
  4 large abominations
  6 wraiths
  A ynoxinul (Abyss:4)
  A tarantella (shapeshifter) (D:13)
  Sigmund (D:3)
  A vampire (D:11)
  5 wyverns
  38 yaks
  5 basilisks
  2 hungry ghosts
  A golden eye (shapeshifter) (D:13)
  2 vampire mosquitoes (D:13)
  A chaos spawn (Abyss:3)
  The ghost of Jaiteiro the Poker, an amateur MfGl (D:4)
  Menkaure (D:7)
  2 neqoxecs (Abyss:3)
  2 wargs (Orc:1)
  36 nagas
  The ghost of bosm the Bolt Thrower, an amateur KoHu (D:4)
  2 soldier ants (D:14)
  The ghost of Dani the Ducker, an amateur DEMo (D:4)
  9 water moccasins
  An acid dragon (D:13)
  A two-headed ogre zombie (D:10)
  6 porcupines
  A sky beast (shapeshifter) (D:15)
  10 ice beasts
  A sky beast (D:13)
  A black bear (shapeshifter) (D:13)
  2 eyes of draining
  22 orc warriors
  2 necrophages
  5 phantoms
  4 boggarts
  14 ogres
  12 wolves
  14 centaurs
  9 crocodiles
  2 big kobolds
  14 bullfrogs
  A water moccasin zombie (D:11)
  An earth elemental (Abyss:3)
  5 scorpions
  A troll zombie (D:10)
  4 wights (D:5)
  3 killer bees (D:13)
  6 howler monkeys
  5 crimson imps
  2 bullfrog zombies
  2 quasits (Abyss:4)
  3 small abominations
  2 centaur zombies
  15 orc priests
  4 hounds
  3 jellies
  A bullfrog skeleton (D:5)
  2 iguanas
  Natasha (thrice) (D:3)
  Terence (D:2)
  21 orc wizards
  11 worker ants
  6 ogre zombies (D:10)
  The ghost of tidbits the Charmwright, a weakling GnSk (D:4)
  2 hound zombies
  A hound skeleton (D:7)
  7 mummies (Ossuary)
  14 gnolls
  9 adders
  2 shadow imps
  An ufetubus (Abyss:4)
  2 adder skeletons
  2 worms
  A dart slug (D:2)
  4 leopard geckos
  83 orcs
  3 ball pythons
  4 giant cockroaches
  A gnoll zombie (Ossuary)
  14 goblins
  3 hobgoblins
  13 jackals
  24 kobolds
  3 quokkas
  4 bats
  7 frilled lizards
  6 goblin zombies
  A hobgoblin skeleton (D:10)
  6 hobgoblin zombies
  17 orc zombies
  5 rats
  A butterfly (D:9)
  A fungus (Lair:6)
906 creatures vanquished.

Vanquished Creatures (collateral kills)
  Vashnia (Snake:4)
  Nikola (Snake:1)
  A lich (Abyss:3)
  A tentacled starspawn (Abyss:3)
  Agnes (Snake:4)
  3 nagarajas (Snake:4)
  A stone giant (Orc:1)
  A rakshasa (Abyss:4)
  5 naga warriors
  Fannar (Lair:1)
  Erica (Lair:1)
  An anaconda (Snake:4)
  3 two-headed ogres
  A satyr (Shoals:2)
  A death yak (Lair:3)
  A death knight (D:13)
  A tengu warrior (D:15)
  2 shock serpents (Snake:4)
  A naga sharpshooter (Snake:4)
  Sonja (D:10)
  A salamander mystic (Snake:3)
  A wretched star (Abyss:4)
  3 naga ritualists
  2 large abominations
  3 harpies (Shoals:1)
  3 mana vipers
  5 ugly things
  7 fauns
  A cyclops (D:15)
  A centaur zombie (D:15)
  Joseph (D:10)
  9 elephants
  A merfolk siren (Shoals:2)
  2 guardian serpents (Snake:4)
  3 naga magi
  11 black mambas
  A smoke demon (Lair:6)
  A water nymph (Shoals:1)
  2 gargoyles
  3 orange demons (Lair:6)
  A spiny frog (Abyss:3)
  An ice devil (Lair:6)
  A komodo dragon (D:11)
  A tengu conjurer (D:15)
  An ancient zyme (Abyss:3)
  2 trolls
  2 hornets (D:12)
  A polar bear (IceCv)
  2 dream sheep (Shoals:1)
  9 blink frogs
  2 hippogriffs
  A wyvern (Lair:6)
  5 yaks
  A chaos spawn (Abyss:3)
  A hungry ghost (D:14)
  A basilisk (Lair:5)
  19 nagas
  3 hell hounds (Lair:6)
  A porcupine (Lair:2)
  2 water moccasins
  A sky beast (D:15)
  An orc warrior (D:10)
  A necrophage (D:8)
  A wolf (IceCv)
  3 ogres
  2 crocodiles
  A bullfrog (D:6)
  An electric eel (Lair:5)
  A hound (D:12)
  5 orc priests
  2 centaur skeletons
  An orc wizard (Orc:1)
  A mummy (Ossuary)
  An adder (D:12)
  4 orcs
  3 jackals
  A gnoll zombie (Ossuary)
  2 orc zombies
  A lurking horror (Abyss:3)
  A plant (Shoals:1)
181 creatures vanquished.

Vanquished Creatures (others)
  An anaconda (Snake:1)
  A black mamba (Snake:2)
  A guardian serpent (Snake:2)
  A neqoxec (Abyss:4)
  A small abomination (Abyss:4)
  A boggart (D:15)
  An orc (Orc:1)
  6 fungi
  5 plants
  21 starspawn tentacles
39 creatures vanquished.

Grand Total: 1126 creatures vanquished

Notes
Turn   | Place    | Note
-------+----------+-------------------------------------------
     0 | D:1      | ohad the Demonspawn Berserker began the quest for the Orb.
     0 | D:1      | Reached XP level 1. HP: 18/18 MP: 1/1
   129 | D:1      | Reached skill level 3 in Long Blades
   203 | D:1      | Gained mutation: Your flesh is cold resistant. (rC+)
                  | [demonic ancestry]
   203 | D:1      | Reached XP level 2. HP: 24/24 MP: 2/2
   645 | D:2      | Gained mutation: You have a pair of small antennae on your
                  | head. [demonic ancestry]
   645 | D:2      | Reached XP level 3. HP: 19/29 MP: 3/3
   775 | D:2      | Reached skill level 4 in Long Blades
   965 | D:2      | Reached ** piety under Trog
  1786 | D:3      | Noticed Terence
  1805 | D:2      | Killed Terence
  1805 | D:2      | Gained mutation: Your movements are slightly less
                  | encumbered by armour. (ER -2) [demonic ancestry]
  1805 | D:2      | Reached XP level 4. HP: 26/35 MP: 4/4
  2139 | D:3      | Found a white marble altar of Elyvilon.
  2158 | D:3      | Noticed Sigmund
  2160 | D:3      | Found a shadowy altar of Dithmenos.
  2171 | D:3      | Reached skill level 5 in Long Blades
  2253 | D:3      | Killed Sigmund
  2253 | D:3      | Reached skill level 6 in Long Blades
  2253 | D:3      | Reached XP level 5. HP: 24/41 MP: 5/5
  2479 | D:3      | Noticed Natasha
  2493 | D:3      | Killed Natasha
  2493 | D:3      | Gained mutation: A weak demonic guardian rushes to your
                  | aid. [demonic ancestry]
  2493 | D:3      | Reached XP level 6. HP: 30/47 MP: 6/6
  2560 | D:3      | Noticed Natasha
  2573 | D:3      | Killed Natasha
  2706 | D:3      | Noticed Natasha
  2713 | D:3      | Killed Natasha
  2831 | D:3      | Found a radiant altar of Vehumet.
  3060 | D:4      | Found Mionisocs's Armour Boutique.
  3246 | D:4      | Reached skill level 7 in Long Blades
  3284 | D:4      | Found a runed translucent gate.
  3285 | D:4      | Found a runed translucent gate.
  3286 | D:4      | Found a runed translucent gate.
  3287 | D:4      | Noticed Dani's ghost (amateur DEMo)
  3287 | D:4      | Noticed Monsterracer's ghost (amateur DrFE)
  3287 | D:4      | Noticed bosm's ghost (amateur KoHu)
  3287 | D:4      | Noticed Jaiteiro's ghost (amateur MfGl)
  3287 | D:4      | Noticed tidbits's ghost (weakling GnSk)
  3484 | D:4      | Reached XP level 7. HP: 52/52 MP: 7/7
  3836 | D:4      | Found a glowing silver altar of Zin.
  3837 | D:4      | Noticed an angel
  4095 | D:5      | Entered Level 5 of the Dungeon
  4140 | D:5      | Found a staircase to the Ecumenical Temple.
  4210 | D:5      | Found an opulent altar of Gozag.
  4264 | D:5      | Reached *** piety under Trog
  4289 | D:5      | Found a sand-covered staircase.
  4306 | Ossuary  | Entered an ossuary
  4360 | Ossuary  | Reached skill level 8 in Long Blades
  5017 | D:5      | Reached skill level 9 in Long Blades
  5017 | D:5      | Reached XP level 8. HP: 57/58 MP: 8/8
  5592 | D:6      | Got a twisted chain mail
  5629 | D:6      | Identified the cursed +1 chain mail "Lenafoud" {MR+ Stlth+}
                  | (You found it on level 6 of the Dungeon)
  5711 | D:6      | Reached **** piety under Trog
  5711 | D:6      | Reached skill level 10 in Long Blades
  6892 | D:6      | Reached skill level 11 in Long Blades
  7141 | D:7      | Gained mutation: You have a pair of antennae on your head.
                  | [demonic ancestry]
  7141 | D:7      | Reached XP level 9. HP: 63/63 MP: 9/9
  7546 | D:7      | Noticed Menkaure
  7555 | D:7      | Killed Menkaure
  7740 | D:8      | Found a stormy altar of Qazlal.
  7764 | D:8      | Found a sparkling altar of Nemelex Xobeh.
  7901 | D:8      | Found a hazy altar of Hepliaklqana.
  8063 | D:8      | Noticed a wizard
  8151 | D:8      | Reached skill level 12 in Long Blades
  8484 | D:8      | Noticed Pikel
  8505 | D:8      | Killed Pikel
  8808 | D:4      | Killed tidbits's ghost
  8812 | D:4      | Killed Dani's ghost
  8821 | D:4      | Killed Jaiteiro's ghost
  8823 | D:4      | Killed bosm's ghost
  8827 | D:4      | Killed Monsterracer's ghost
  8827 | D:4      | Reached skill level 13 in Long Blades
  9146 | D:9      | Gained mutation: You have a pair of large antennae on your
                  | head. (SInv) [demonic ancestry]
  9146 | D:9      | Reached XP level 10. HP: 64/70 MP: 10/10
  9751 | D:9      | Found a shimmering altar of Xom.
 10164 | D:9      | Reached ***** piety under Trog
 10532 | D:10     | Entered Level 10 of the Dungeon
 10689 | D:10     | Found a staircase to the Orcish Mines.
 11175 | D:10     | Found Xeydiah's Armour Shoppe.
 11178 | D:10     | Bought a scarf of spirit shield for 117 gold pieces
 11214 | D:10     | Noticed Joseph
 11229 | D:10     | Killed Joseph
 11229 | D:10     | Reached skill level 14 in Long Blades
 11513 | D:10     | Reached skill level 1 in Shields
 11726 | D:10     | Noticed Erolcha
 11726 | D:10     | Noticed Sonja
 11908 | D:10     | Found a shattered altar of Ashenzari.
 11944 | D:10     | Killed Erolcha
 12208 | D:11     | Found Xaiclot's General Store.
 12214 | D:11     | Bought a scroll of identify for 28 gold pieces
 12214 | D:11     | Bought a +0 demon blade of venom for 280 gold pieces
 12301 | D:11     | Found the +7 Spriggan's Knife {stab, EV+4 Stlth+}
 12453 | D:11     | Reached skill level 5 in Shields
 12593 | D:11     | Noticed a two-headed ogre
 12607 | D:11     | Killed a two-headed ogre
 12998 | D:11     | Noticed a gargoyle
 13009 | D:11     | Killed a gargoyle
 13009 | D:11     | Gained mutation: A demonic guardian rushes to your aid.
                  | [demonic ancestry]
 13009 | D:11     | Reached XP level 11. HP: 57/75 MP: 8/11
 13165 | D:11     | Found a staircase to the Lair.
 13710 | D:12     | Noticed a two-headed ogre
 13836 | D:12     | Killed a two-headed ogre
 13836 | D:12     | Reached skill level 5 in Armour
 13978 | D:12     | Received a gift from Trog
 14152 | D:12     | Paralysed by a hornet for 2 turns
 14375 | D:12     | Paralysed by a hornet for 1 turns
 14494 | D:12     | Got a scorched rapier
 14495 | D:12     | Identified the +2 rapier of the People {pierce, +Inv Int+3}
                  | (You found it on level 12 of the Dungeon)
 14515 | D:12     | Noticed a purple ugly thing
 14529 | D:12     | Killed a purple ugly thing
 14703 | Lair:1   | Entered Level 1 of the Lair of Beasts
 14721 | Lair:1   | Noticed Gastronok
 14747 | Lair:1   | Killed Gastronok
 15360 | Lair:1   | Noticed Harold
 15360 | Lair:1   | Noticed Fannar
 15386 | Lair:1   | Killed Fannar
 15402 | Lair:1   | Killed Harold
 15582 | Lair:1   | Reached skill level 5 in Dodging
 15585 | Lair:1   | Reached XP level 12. HP: 20/81 MP: 5/12
 15755 | Lair:1   | Noticed Erica
 15767 | Lair:1   | Killed Erica
 16459 | Lair:2   | Found a frozen archway.
 16484 | IceCv    | Entered an ice cave
 16623 | IceCv    | Reached skill level 5 in Fighting
 17120 | IceCv    | Received a gift from Trog
 17125 | IceCv    | Got an ichor-stained long sword {god gift}
 17127 | IceCv    | Identified the +8 long sword "Humaenar" {flame, +Fly rElec
                  | rN++ Int-3} (Trog gifted it to you in an ice cave)
 17211 | IceCv    | Noticed a frost giant
 17233 | IceCv    | Killed a frost giant
 17876 | Lair:2   | Found a staircase to the Snake Pit.
 18495 | Lair:2   | Reached skill level 10 in Fighting
 18808 | Lair:3   | Reached XP level 13. HP: 95/103 MP: 13/13
 19446 | Lair:3   | Got a fine cloak
 19457 | Lair:3   | Identified the +1 cloak of the Comet {rF+ Str+4 Dex+2} (You
                  | found it on level 3 of the Lair of Beasts)
 19576 | Lair:3   | Found a staircase to the Shoals.
 19742 | Lair:3   | Received a gift from Trog
 21153 | Lair:5   | Reached skill level 10 in Armour
 21158 | Lair:5   | Received a gift from Trog
 21810 | Lair:6   | Entered Level 6 of the Lair of Beasts
 22683 | Lair:6   | Found a staircase to the Slime Pits.
 23359 | Lair:6   | Found a burning altar of Makhleb.
 23908 | Lair:6   | Reached XP level 14. HP: 109/110 MP: 14/14
 23909 | Lair:6   | Found a gateway to Hell.
 24173 | D:13     | Got a pitted amber ring
 24178 | D:13     | Identified the ring of Canizid {rN+ Stlth+} (You found it
                  | on level 13 of the Dungeon)
 24189 | D:13     | Found a blossoming altar of Fedhas.
 24203 | D:13     | Reached skill level 10 in Dodging
 24724 | D:13     | Reached ****** piety under Trog
 25249 | D:13     | Received a gift from Trog
 25608 | D:13     | Got a clouded garnet amulet
 25609 | D:13     | Identified the amulet "Sasu" {Inacc Int+6} (You found it on
                  | level 13 of the Dungeon)
 25928 | D:13     | Found a runed translucent gate.
 25928 | D:13     | Found a runed translucent gate.
 25928 | D:13     | Found an opulent altar of Gozag.
 25929 | D:13     | Found a runed translucent gate.
 25929 | D:13     | Noticed night's ghost (journeyman DsMo)
 25929 | D:13     | Noticed a fire giant
 25930 | D:13     | Found Mur Dyhe's Assorted Antiques.
 26348 | D:13     | Found a gate to the Vaults.
 26421 | D:14     | Reached skill level 10 in Shields
 26502 | D:14     | Noticed Kapsuk's ghost (journeyman DECj)
 26509 | D:14     | Noticed Louise
 26527 | D:14     | Cast into level 3 of the Abyss (Louise)
 26535 | Abyss:3  | Noticed a reaper
 26535 | Abyss:3  | Noticed a vampire knight
 26629 | Abyss:3  | Found a corrupted altar of Lugonu.
 26653 | Abyss:3  | Reached skill level 1 in Stealth
 26672 | Abyss:3  | Noticed a tentacled starspawn
 26685 | Abyss:3  | Noticed a starcursed mass
 26687 | Abyss:3  | Noticed a lich
 26752 | Abyss:3  | Noticed a tentacled starspawn
 26929 | Abyss:3  | Noticed a tentacled starspawn
 27044 | Abyss:3  | Noticed a starcursed mass
 27052 | Abyss:3  | Got a scorched ivory amulet
 27053 | Abyss:3  | Identified the amulet of Daffodils {Acrobat rC+} (You found
                  | it on level 3 of the Abyss)
 27174 | Abyss:3  | Received a gift from Trog
 27289 | Abyss:3  | Reached skill level 5 in Stealth
 27606 | Abyss:3  | Noticed a lich
 27607 | Abyss:3  | Gained mutation: You are weak. (Str -2) [a neqoxec]
 27611 | Abyss:3  | Gained mutation: Your magical capacity is extremely low.
                  | (-30% MP) [a neqoxec]
 27619 | Abyss:3  | Noticed a starcursed mass
 27635 | Abyss:3  | Noticed a brown very ugly thing
 27641 | Abyss:3  | Noticed a starcursed mass
 27690 | Abyss:3  | Killed a lich
 27726 | Abyss:3  | Noticed a tentacled starspawn
 27744 | Abyss:3  | Killed a tentacled starspawn
 27758 | Abyss:4  | Noticed an entropy weaver
 27764 | Abyss:4  | Found a corrupted altar of Lugonu.
 27780 | Abyss:4  | Killed an entropy weaver
 27798 | Abyss:4  | Noticed a tentacled monstrosity
 27997 | Abyss:4  | Noticed a bone dragon
 28034 | Abyss:4  | Noticed a starcursed mass
 28134 | Abyss:4  | Noticed a starcursed mass
 28140 | Abyss:4  | Noticed an angel
 28309 | Abyss:4  | Noticed a tentacled starspawn
 28469 | Abyss:4  | Gained mutation: You are immune to freezing clouds.
                  | [demonic ancestry]
 28469 | Abyss:4  | Reached XP level 15. HP: 43/115 MP: 13/13
 28543 | Abyss:4  | Noticed a tentacled starspawn
 28615 | Abyss:4  | Noticed a bone dragon
 28622 | D:14     | Escaped the Abyss
 28647 | D:14     | Killed Louise
 29026 | D:14     | Found a transporter.
 29085 | D:14     | HP: 6/172 [bone dragon (6)]
 29087 | D:14     | Killed a bone dragon
 29572 | D:14     | Found a transporter.
 29882 | D:14     | Found a deep blue altar of Sif Muna.
 30177 | D:14     | Received a gift from Trog
 30238 | D:15     | Entered Level 15 of the Dungeon
 30402 | D:15     | Found a staircase to the Depths.
 30834 | D:15     | Found Lukoix's Armour Shop.
 32291 | Orc:1    | Entered Level 1 of the Orcish Mines
 32344 | Orc:1    | Noticed an orc warlord
 32395 | D:10     | Killed an orc warlord
 32662 | Orc:1    | Received a gift from Trog
 33161 | Orc:2    | Entered Level 2 of the Orcish Mines
 33161 | Orc:2    | Found a staircase to the Elven Halls.
 33270 | Orc:2    | Found Huut's Food Emporium.
 33346 | Orc:2    | Found Riubum's Antique Weapon Shoppe.
 33886 | Orc:2    | Gained mutation: A powerful demonic guardian rushes to your
                  | aid. [demonic ancestry]
 33886 | Orc:2    | Reached XP level 16. HP: 75/122 MP: 14/14
 33922 | Orc:2    | Reached skill level 15 in Long Blades
 33928 | Orc:2    | Found Ibed's Jewellery Shoppe.
 33938 | Orc:2    | Found Vadimp's Weapon Boutique.
 33938 | Orc:2    | Found Loca's Jewellery Boutique.
 33969 | Orc:2    | Bought the ring "Xuhuyra" {rPois rF++ rC+ Int+6} for 1224
                  | gold pieces
 33981 | Orc:2    | Bought the amulet "Liturph" {Regen+ Int+4} for 635 gold
                  | pieces
 34335 | D:10     | Killed Sonja
 34564 | Snake:1  | Entered Level 1 of the Snake Pit
 34711 | Snake:1  | Reached skill level 16 in Long Blades
 34802 | Snake:1  | Received a gift from Trog
 35134 | Snake:1  | Found Weud's Magic Scroll Shop.
 35153 | Snake:1  | Bought a scroll of identify for 32 gold pieces
 35155 | Snake:1  | Bought a scroll of identify for 32 gold pieces
 35157 | Snake:1  | Bought a scroll of teleportation for 48 gold pieces
 35157 | Snake:1  | Bought a scroll of teleportation for 48 gold pieces
 35532 | Snake:1  | You fall through a shaft!
 35859 | Snake:2  | Received a gift from Trog
 35934 | Snake:1  | Noticed Nikola
 35947 | Snake:1  | Killed Nikola
 35951 | Snake:1  | Reached skill level 15 in Shields
 36020 | Snake:1  | Found Suotim's Jewellery Emporium.
 36020 | Snake:1  | Found Qaocris's Antique Armour Shoppe.
 36519 | Snake:2  | Found Koathea's Antique Weapon Boutique.
 36822 | Snake:2  | Found a runed translucent door.
 36831 | Snake:2  | Reached skill level 1 in Evocations
 37573 | Snake:3  | Got an ichor-stained plate armour
 37584 | Snake:3  | Identified the cursed +0 plate armour "Udinaecw" {rF+ MR-
                  | Dex+3} (You found it on level 3 of the Snake Pit)
 37933 | Snake:3  | Found a bloodstained altar of Trog.
 37946 | Snake:3  | Reached XP level 17. HP: 122/131 MP: 17/17
 38272 | Snake:3  | Found a shadowy altar of Dithmenos.
 38522 | Snake:4  | Entered Level 4 of the Snake Pit
 38735 | Snake:4  | Noticed Agnes
 38744 | Snake:4  | Killed Agnes
 39415 | Snake:4  | Received a gift from Trog
 39418 | Snake:4  | Noticed Vashnia
 39444 | Snake:4  | Killed Vashnia
 39770 | Snake:4  | Got a serpentine rune of Zot
 40027 | Shoals:1 | Entered Level 1 of the Shoals
 40693 | Shoals:1 | Received a gift from Trog
 40922 | Shoals:2 | HP: 5/133 [drowned by a water nymph (13)]
 40922 | Shoals:2 | Killed from afar by a water nymph

Skill      XL: |  1  2  3  4  5  6  7  8  9 10 11 12 13 14 15 16 17 |
---------------+----------------------------------------------------+-----
Long Blades    | 3 4 6 7 9 11 13 14 16 | 16.0
Shields        | 5 7 10 13 15 | 15.0
Armour         | 3 6 7 10 12 | 12.1
Dodging        | 5 6 9 10 12 | 12.3
Fighting       | 10 11 12 | 12.0
Stealth        | 8 9 |  9.0
Evocations     | 3 |  3.2

Action                   |  1- 3 |  4- 6 |  7- 9 | 10-12 | 13-15 | 16-18 || total
-------------------------+-------+-------+-------+-------+-------+-------++-------
Melee: Falchion          |   145 |   169 |   161 |       |       |       ||   475
       Scimitar          |       |       |   256 |   379 |       |       ||   635
       Demon blade       |       |       |       |   259 |   906 |       ||  1165
       Long sword        |       |       |       |   121 |   635 |       ||   756
       Double sword      |       |       |       |       |    76 |  1157 ||  1233
Throw: Tomahawk          |       |       |       |     2 |       |       ||     2
       Javelin           |       |       |       |       |     3 |       ||     3
Invok: Trog's Hand       |       |     5 |     2 |     3 |    14 |       ||    24
       Berserk           |       |     5 |     9 |     4 |     5 |     1 ||    24
       Brothers in Arms  |       |       |       |       |       |     1 ||     1
Evoke: Wand              |       |       |       |       |     1 |       ||     1
  Use: Scroll            |     4 |       |     9 |     8 |    24 |     7 ||    52
       Potion            |       |       |       |       |    15 |     1 ||    16
 Stab: Sleeping          |     4 |       |       |       |     6 |     2 ||    12
       Distracted        |       |     1 |     2 |     5 |     6 |     8 ||    22
  Eat: Chunk             |     3 |     8 |    18 |    23 |    22 |     5 ||    79
       Ration            |       |     1 |     3 |     4 |    13 |     6 ||    27
Armor: Ring mail         |    46 |    19 |       |       |       |       ||    65
       Animal skin       |     1 |       |       |       |       |       ||     1
       Chain mail        |       |    64 |   153 |   215 |   101 |       ||   533
       Storm dragon scal |       |       |       |       |   163 |   281 ||   444
       Ice dragon scales |       |       |       |       |   103 |       ||   103
Dodge: Dodged            |    98 |    85 |   174 |   207 |   634 |   482 ||  1680
Block: Shield            |       |       |       |   292 |   831 |   800 ||  1923
       Rpst.: Falchion   |    32 |    23 |    19 |       |       |       ||    74
       Scimitar          |       |       |    33 |    32 |       |       ||    65
       Demon blade       |       |       |       |    15 |    91 |       ||   106
       Long sword        |       |       |       |     8 |    55 |       ||    63
       Double sword      |       |       |       |       |     9 |    74 ||    83
